 Dungeon Sprint DCSS version 0.20-a0-876-g2c7b0bf (webtiles) character file.

6318 esc the Unseen (level 10, -28/58 HPs)
             Began as a Spriggan Enchanter on Mar 15, 2017.
             Was a High Priest of Sif Muna.
             Killed from afar by Frances (58 damage)
             ... with an iron shot
             ... in the Dungeon (Sprint III: "The Ten Rune Challenge").
             The game lasted 00:11:22 (1636 turns).

esc the Unseen (Spriggan Enchanter)                 Turns: 1636, Time: 00:11:23

Health: -28/58     AC:  4    Str:  4    XL:     10   Next: 64%
Magic:  15/27      EV: 32    Int: 21    God:    Sif Muna [*****.]
Gold:   818        SH:  0    Dex: 19    Spells: 23/34 levels left

rFire    . . .     SeeInvis +   w - +1 dagger (venom)
rCold    . . .     Gourm    .   y - +2 robe of the Will of the Gods {rN+ Regen+ Int+3}
rNeg     + . .     Faith    .   (shield restricted)
rPois    .         Spirit   .   (helmet restricted)
rElec    .         Reflect  .   (no cloak)
rCorr    .         Harm     .   (gloves unavailable)
MR       +....     NoTele   +   (boots unavailable)
Stlth    ++++++....             (no amulet)
Regen    0.6/turn               (no ring)
MPRegen  0.2/turn               (no ring)

@: very quick
A: unfitting armour, see invisible, herbivore 3, speed 3, slow metabolism 2
a: Divine Energy, Channel Magic, Forget Spell, Renounce Religion


You were in the Dungeon.
You worshipped Sif Muna.
Sif Muna was extremely pleased with you.
You were not hungry.

You visited 1 branch You collected 949 gold pieces.
You spent 131 gold pieces at shops.

Inventory:

Hand Weapons
 t - a +3 dagger
   (You took it off a wizard in the Dungeon)
 w - a +1 dagger of venom (weapon)
   (You took it off an orc sorcerer in the Dungeon)
Missiles
 u - 10 throwing nets {=f, !d}
Armour
 b - a +0 robe
 y - the +2 robe of the Will of the Gods (worn) {rN+ Regen+ Int+3}
   (You bought it in a shop in the Dungeon)

   It affects your intelligence (+3).
   It protects you from negative energy.
   It increases your rate of regeneration.
Scrolls
 j - 2 scrolls of blinking {!r}
 k - a scroll of torment {unknown}
 l - a scroll of enchant armour {unknown}
 m - a scroll of remove curse
 p - a scroll of immolation {unknown}
 q - a scroll of identify {unknown}
Potions
 a - 2 potions of might
 e - 2 potions of curing
 g - 2 potions of haste
 h - 2 potions of magic
 i - a potion of berserk rage {!q}
 o - 4 potions of flight
 s - 4 potions of mutation {!q}
Books
 c - a book of Maledictions
 v - a book of Minor Magic
   (You found it in the Dungeon)
 x - Sif Muna's Reference Book on Conjuration and Lightness
   (Sif Muna gifted it to you in the Dungeon)

   Spells                             Type                      Level
   a - Poisonous Vapours              Poison/Air                   2
   b - Static Discharge               Conjuration/Air              3
   c - Force Lance                    Conjuration/Translocation    4
   d - Sticky Flame                   Conjuration/Fire             4
   e - Bolt of Magma                  Conjuration/Fire/Earth       5
   f - Freezing Cloud                 Conjuration/Ice/Air          6
   g - Poison Arrow                   Conjuration/Poison           6
Miscellaneous
 f - a phantom mirror
Comestibles
 d - a bread ration {@e1}
 n - 2 royal jellies
 r - a fruit


   Skills:
 + Level 9.0 Fighting
 + Level 11.5 Short Blades
 + Level 14.6 Dodging
 + Level 16.0 Stealth
 + Level 12.7 Spellcasting
 + Level 12.8 Hexes


You had 23 spell levels left.
You knew the following spells:

 Your Spells              Type           Power        Failure   Level  Hunger
a - Ensorcelled Hibernat  Hex/Ice        #####.       1%          2    None
b - Tukima's Dance        Hex            ######..     1%          3    None
c - Confuse               Hex            ######..     1%          3    None
d - Blink                 Tloc           N/A          10%         2    None
v - Corona                Hex            ######.      1%          1    None


Dungeon Overview and Level Annotations

Branches:
Dungeon (1/1)

Altars:
Cheibriados
Dithmenos
Elyvilon
Fedhas
Gozag
Hepliaklqana
Kikubaaqudgha
Makhleb
Nemelex Xobeh
Okawaru
Qazlal
Ru
Sif Muna
Trog
Uskayaw
Vehumet
Wu Jian
Xom
Yredelemnul
Zin
The Shining One
Beogh
Jiyva
Lugonu

Shops:
D [

Annotations:
D Frances


Innate Abilities, Weirdness & Mutations

You are very small and have problems with some larger weapons.
You are too small for most types of armour.
You have supernaturally acute eyesight. (SInv)
You are a herbivore.
You cover ground extremely quickly.
You need consume almost no food.


Message History

Items here: % )))))))) [[[[ †† You butcher the orc corpse.
Items here: %% )))))))) [[[[ † You butcher the orc corpse.
Items here: %%% )))))))) [[[[ ÷
Items here: % ) [ † a robe; a mace; a chunk of flesh {@w0}; an orc corpse You butcher the orc corpse.
Items here: %% ) [ a robe; a mace; a chunk of flesh {@w0} x2
There isn't anything to butcher here.
There isn't anything to butcher here.
There is an open door to the Orcish Mines, spattered with blood here.
Items here: ( )) [[ ††
There is an entrance to Atyfyalo's Antique Armour Boutique here.
y - a faintly humming robe Thank you for shopping at Atyfyalo's Antique Armour Boutique!
Wear which item (? for menu, Esc to quit)
You start removing your armour.
You continue taking off your +0 robe. x4
You finish taking off your +0 robe.
You start putting on your armour.
You continue putting on your faintly humming robe. x5
You finish putting on the +2 robe of the Will of the Gods {rN+ Regen+ Int+3}.
You now have 34 gold pieces (gained 11).
You now have 43 gold pieces (gained 9).
You now have 57 gold pieces (gained 14).
You now have 65 gold pieces (gained 8).
You now have 73 gold pieces (gained 8).
You now have 76 gold pieces (gained 3).
You now have 79 gold pieces (gained 3).
You now have 89 gold pieces (gained 10).
You now have 789 gold pieces (gained 700).
You now have 798 gold pieces (gained 9).
You now have 800 gold pieces (gained 2).
There is an open door to the Orcish Mines, spattered with blood here.
Items here: ( )) [[ †† You now have 812 gold pieces (gained 12).
Things that are here:
a club; an orc skeleton
Things that are here:
a giant club x2
There is an open door here.
Aim: an orc, wearing a ring mail (hasn't noticed you, chance to defeat MR: 80%)
The orc shouts!
The orc looks drowsy...
You now have 25/27 mp.
The helpless orc fails to defend itself.
You skewer the orc like a kebab!!!!
You kill the orc!
Sif Muna accepts your kill.
You now have 818 gold pieces (gained 6).
Things that are here:
a ring mail; an orc corpse You butcher the orc corpse.
Things that are here:
a ring mail; 3 chunks of flesh {@w0}
There is an open door to the Lair of Beasts here.
You start resting.
MP restored: 27
There is an open door to the Lair of Beasts here.
You open the door.
Frances, Duchess of Pandemonium comes into view.
She is wielding a war axe of holy wrath.
Donald the Adventurer comes into view.
He is wielding a war axe of holy wrath.
There is an open door here.
The helpless Frances fails to defend herself.
You skewer Frances like a kebab!!!!
Frances looks as sick as possible!
The helpless Donald fails to defend himself.
You spit Donald like a pig!!!!
You kill Donald!
Sif Muna accepts your kill.
Your Fighting skill increases to level 9!
Your Stealth skill increases to level 16!
Frances mutters in a terrible tongue.
The shard of ice hits you!
Ouch! That really hurt!
You take 29 damage, and have 28/58 hp.
MASSIVE DAMAGE!!
Aim: Frances, wielding a war axe of holy wrath (almost dead, poisoned, chance to defeat MR: 8%)
Okay, then.
Okay, then.
Unknown command.
Aim: Frances, wielding a war axe of holy wrath (almost dead, poisoned, chance to defeat MR: 22%) Frances resists with almost no effort.
Frances whispers indecipherable words.
The shard of ice misses you.
You now have 24/27 mp.
Aim: Frances, wielding a war axe of holy wrath (almost dead, poisoned, chance to defeat MR: 22%) Frances resists with almost no effort.
Frances screams a word of power!
Frances seems to speed up.
You now have 21/27 mp.
Aim: Frances, wielding a war axe of holy wrath (almost dead, fast, poisoned, chance to defeat MR: 22%) Frances resists with almost no effort.
Frances completely misses you.
You now have 18/27 mp.
Aim: Frances, wielding a war axe of holy wrath (almost dead, fast, poisoned, chance to defeat MR: 22%)
The war axe of holy wrath dances into the air!
Frances chants phrases taken from a devil's mouth.
The iron shot hits you!
Ouch! That really hurt!
You die...

)##)#.#.##.#).##......#
#.).#..#..##.)'..[....#
▓▓▓▓▓▓▓▓▓▓▓▓▓▓#.......#
....≈≈≈...#.......#
≈≈≈≈≈≈♣♣P.'.......#
♣♣♣♣♣ ♣PP#.......#
♣♣♣##'###### #.(.+
#.@.# #).@# #####


You could see Frances and a friendly war axe of holy wrath.

Vanquished Creatures
  Donald (D)
  Erolcha (D)
  An orc high priest (D)
  An orc knight (D)
  An orc sorcerer (D)
  A deep elf mage (D)
  A wandering mushroom (D)
  A shadow (D)
  2 redbacks (D)
  A spatial vortex (D)
  2 orc warriors (D)
  A necrophage (D)
  5 two-headed ogres (D)
  4 orc priests (D)
  A jelly (D)
  2 orc wizards (D)
  A wizard (D)
  Jessica (D)
  A necromancer (D)
  A kobold demonologist (D)
  3 humans (D)
  An ooze (D)
  A phantom (D)
  7 orcs (D)
  2 rats (D)
44 creatures vanquished.

Vanquished Creatures (others)
  2 draconian scorchers (D)
  A yaktaur (D)
  6 hellions (D)
9 creatures vanquished.

Grand Total: 53 creatures vanquished

Notes
Turn   | Place    | Note
-------+----------+-------------------------------------------
     0 | D        | esc the Spriggan Enchanter began the quest for the Orb.
     0 | D        | Reached XP level 1. HP: 9/9 MP: 5/5
     4 | D        | Reached skill level 3 in Spellcasting
     4 | D        | Reached skill level 4 in Hexes
    11 | D        | Reached skill level 5 in Stealth
    17 | D        | Noticed Jessica
    20 | D        | Killed Jessica
    20 | D        | Reached skill level 1 in Fighting
    20 | D        | Reached skill level 2 in Short Blades
    20 | D        | Reached skill level 4 in Dodging
    20 | D        | Reached skill level 6 in Stealth
    20 | D        | Reached skill level 4 in Spellcasting
    20 | D        | Reached XP level 2. HP: 14/15 MP: 6/8
    20 | D        | Reached XP level 3. HP: 16/18 MP: 6/9
    54 | D        | Learned a level 2 spell: Ensorcelled Hibernation
    58 | D        | Learned a level 3 spell: Confuse
    62 | D        | Learned a level 3 spell: Tukima's Dance
    82 | D        | Killed a yaktaur
    98 | D        | Killed a hellion
   136 | D        | Killed a hellion
   138 | D        | Killed a hellion
   143 | D        | Killed a hellion
   144 | D        | Killed a hellion
   145 | D        | Killed a hellion
   185 | D        | Killed a white draconian scorcher
   188 | D        | Reached skill level 2 in Fighting
   188 | D        | Reached skill level 3 in Short Blades
   188 | D        | Reached skill level 5 in Hexes
   197 | D        | Killed a white draconian scorcher
   416 | D        | Reached skill level 5 in Dodging
   477 | D        | Noticed a water elemental
   516 | D        | Found a radiant altar of Vehumet.
   516 | D        | Found a deep blue altar of Sif Muna.
   516 | D        | Found an ancient bone altar of Kikubaaqudgha.
   516 | D        | Noticed a wizard
   518 | D        | Killed a wizard
   518 | D        | Reached skill level 7 in Stealth
   518 | D        | Reached XP level 4. HP: 23/23 MP: 9/11
   520 | D        | Reached skill level 5 in Spellcasting
   551 | D        | Became a worshipper of Sif Muna the Loreminder
   559 | D        | Found a glowing silver altar of Zin.
   559 | D        | Found a glowing golden altar of the Shining One.
   559 | D        | Found a white marble altar of Elyvilon.
   559 | D        | Noticed a deep elf mage
   562 | D        | Killed a deep elf mage
   562 | D        | Reached * piety under Sif Muna
   562 | D        | Reached skill level 4 in Fighting
   562 | D        | Reached skill level 6 in Short Blades
   562 | D        | Reached skill level 9 in Dodging
   562 | D        | Reached skill level 10 in Stealth
   562 | D        | Reached skill level 7 in Spellcasting
   562 | D        | Reached skill level 8 in Hexes
   562 | D        | Reached XP level 5. HP: 30/30 MP: 13/16
   562 | D        | Reached XP level 6. HP: 35/35 MP: 13/17
   594 | D        | Learned a level 2 spell: Blink
   595 | D        | Found a hide-covered altar of Uskayaw.
   595 | D        | Found a roughly hewn altar of Beogh.
   595 | D        | Found an iron altar of Okawaru.
   595 | D        | Found a bloodstained altar of Trog.
   595 | D        | Found an ornate altar of the Wu Jian Council.
   595 | D        | Noticed a human
   595 | D        | Noticed a human
   598 | D        | Killed a human
   598 | D        | Reached skill level 5 in Fighting
   598 | D        | Reached skill level 7 in Short Blades
   598 | D        | Reached skill level 8 in Spellcasting
   598 | D        | Reached XP level 7. HP: 39/39 MP: 15/19
   642 | D        | Killed a human
   642 | D        | Reached ** piety under Sif Muna
   642 | D        | Reached skill level 10 in Dodging
   642 | D        | Reached skill level 11 in Stealth
   765 | D        | Found a basalt altar of Yredelemnul.
   765 | D        | Found a shadowy altar of Dithmenos.
   765 | D        | Found a sacrificial altar of Ru.
   767 | D        | Reached skill level 9 in Hexes
   776 | D        | Noticed a shadow
   778 | D        | Killed a shadow
   778 | D        | Reached skill level 9 in Spellcasting
   778 | D        | Reached XP level 8. HP: 44/44 MP: 22/22
   818 | D        | Found a blossoming altar of Fedhas.
   818 | D        | Found a stormy altar of Qazlal.
   818 | D        | Found a snail-covered altar of Cheibriados.
   818 | D        | Found a burning altar of Makhleb.
   818 | D        | Found a shimmering altar of Xom.
   819 | D        | Found a hazy altar of Hepliaklqana.
   819 | D        | Found an opulent altar of Gozag.
   819 | D        | Found a sparkling altar of Nemelex Xobeh.
   819 | D        | Found a corrupted altar of Lugonu.
   819 | D        | Found a viscous altar of Jiyva.
   849 | D        | HP: 6/44 [spatial vortex (23)]
   859 | D        | Reached skill level 6 in Fighting
   859 | D        | Reached skill level 8 in Short Blades
   859 | D        | Reached skill level 12 in Stealth
   947 | D        | Reached *** piety under Sif Muna
   951 | D        | Reached skill level 11 in Dodging
  1032 | D        | Noticed a two-headed ogre
  1035 | D        | Killed a two-headed ogre
  1035 | D        | Reached skill level 10 in Spellcasting
  1035 | D        | Reached skill level 10 in Hexes
  1040 | D        | Noticed a two-headed ogre
  1040 | D        | Noticed Erolcha
  1042 | D        | Killed Erolcha
  1042 | D        | Reached **** piety under Sif Muna
  1042 | D        | Reached skill level 7 in Fighting
  1042 | D        | Reached skill level 9 in Short Blades
  1042 | D        | Reached skill level 12 in Dodging
  1042 | D        | Reached skill level 13 in Stealth
  1042 | D        | Reached XP level 9. HP: 50/50 MP: 22/24
  1043 | D        | Killed a two-headed ogre
  1043 | D        | Reached skill level 11 in Hexes
  1054 | D        | Reached skill level 14 in Stealth
  1054 | D        | Reached skill level 11 in Spellcasting
  1059 | D        | Reached skill level 10 in Short Blades
  1168 | D        | Noticed a wandering mushroom
  1178 | D        | Killed a wandering mushroom
  1178 | D        | Reached skill level 13 in Dodging
  1229 | D        | Found Atyfyalo's Antique Armour Boutique.
  1229 | D        | Noticed an orc knight
  1323 | D        | Noticed an orc sorcerer
  1324 | D        | Killed an orc sorcerer
  1327 | D        | Reached ***** piety under Sif Muna
  1347 | D        | Reached skill level 8 in Fighting
  1349 | D        | Received a gift from Sif Muna
  1350 | D        | Identified Sif Muna's Reference Book on Conjuration and Lightness (Sif Muna gifted it to you in the Dungeon)
  1362 | D        | Killed an orc knight
  1362 | D        | Reached skill level 12 in Hexes
  1362 | D        | Reached XP level 10. HP: 52/56 MP: 15/26
  1396 | D        | Noticed an orc high priest
  1400 | D        | Killed an orc high priest
  1400 | D        | Reached skill level 11 in Short Blades
  1400 | D        | Reached skill level 14 in Dodging
  1400 | D        | Reached skill level 15 in Stealth
  1400 | D        | Reached skill level 12 in Spellcasting
  1534 | D        | Bought a faintly humming robe for 131 gold pieces
  1544 | D        | Identified the +2 robe of the Will of the Gods {rN+ Regen+ Int+3} (You bought it in a shop in the Dungeon)
  1627 | D        | Noticed Frances
  1628 | D        | Noticed Donald
  1632 | D        | Killed Donald
  1632 | D        | Reached skill level 9 in Fighting
  1632 | D        | Reached skill level 16 in Stealth
  1636 | D        | Killed from afar by Frances

Vault maps used:
D:        dungeon_sprint_mu

Skill      XL: |  1  2  3  4  5  6  7  8  9 10 |
---------------+-------------------------------+-----
Spellcasting   | 4 7 8 9 10 11 12 | 12.7
Hexes          | 4 5 8 9 10 12 | 12.8
Stealth        | 6 7 10 11 13 14 16 | 16.0
Fighting       | 1 2 4 5 7 8 9 |  9.0
Short Blades   | 2 3 6 7 9 10 11 | 11.5
Dodging        | 4 5 9 10 12 13 14 | 14.6

Action                   |  1- 3 |  4- 6 |  7- 9 | 10-12 || total
-------------------------+-------+-------+-------+-------++-------
Melee: Dagger            |    13 |     3 |    58 |    18 ||    92
 Cast: Confuse           |     8 |       |     5 |       ||    13
       Ensorcelled Hiber |     4 |     1 |    26 |    10 ||    41
       Blink             |       |       |     1 |       ||     1
       Tukima's Dance    |       |       |       |     4 ||     4
  Use: Scroll            |       |     1 |       |       ||     1
       Potion            |       |       |     1 |       ||     1
 Stab: Sleeping          |     5 |     3 |    22 |     8 ||    38
       Confused          |     1 |       |       |       ||     1
Dodge: Dodged            |     6 |       |    15 |     5 ||    26

Vault maps used:
D:        dungeon_sprint_mu

Table legend:
 A = Turns spent in this place as a percentage of turns spent in the entire game.
 B = Non-inter-level travel turns spent in this place as a percentage of non-inter-level travel turns spent in the entire game.
 C = Inter-level travel turns spent in this place as a percentage of turns spent in this place.
 D = Turns resting spent in this place as a percentage of non-inter-level travel turns spent in this place.
 E = Turns spent auto-exploring this place as a percentage of non-inter-level travel turns spent in this place.
 F = Non-inter-level travel turns spent in this place divided by the number of levels of this place that you've seen.
                   A       B       C       D       E      F
               +-------+-------+-------+-------+-------+----------------------
         Total | 100.0 | 100.0 |   0.1 |   5.8 |   0.0 | 829.0
       Dungeon | 100.0 | 100.0 |   0.1 |   5.8 |   0.0 | 829.0
               +-------+-------+-------+-------+-------+----------------------

Table legend:
 A = Kills in this place as a percentage of kills in entire the game.
 B = Kills by you in this place as a percentage of kills by you in the entire game.
 C = Kills by friends in this place as a percentage of kills by friends in the entire game.
 D = Other kills in this place as a percentage of other kills in the entire game.
 E = Experience gained in this place as a percentage of experience gained in the entire game.
 F = Experience gained in this place divided by the number of levels of this place that you have seen.
                   A       B       C       D       E      F
               +-------+-------+-------+-------+-------+----------------------
         Total | 100.0 | 100.0 |  -nan | 100.0 | 100.0 | 9026.0
       Dungeon | 100.0 | 100.0 |  -nan | 100.0 | 100.0 | 9026.0
               +-------+-------+-------+-------+-------+----------------------
